 Dungeon Crawl Stone Soup version 0.28-a0-653-g7e9dba17c3 (webtiles) character file.

Game seed: 4175918962156914019

14 jsc15 the Skirmisher (level 2, -1/26 HPs)
             Began as a Draconian Berserker on Oct 11, 2021.
             Was a Follower of Trog.
             Slain by an orc priest (2 damage)
             ... on level 4 of the Dungeon.
             The game lasted 00:05:54 (633 turns).

jsc15 the Skirmisher (Draconian Berserker)           Turns: 633, Time: 00:05:54

Health: -1/26      AC:  4    Str: 19    XL:     2   Next: 31%
Magic:  2/2        EV: 12    Int:  7    God:    Trog [*.....]
Gold:   5          SH:  0    Dex: 10    Spells: 1/1 levels left

rFire   . . .      SeeInvis .   a - +0 falchion
rCold   . . .      Faith    .   (no shield)
rNeg    . . .      Spirit   .   (armour unavailable)
rPois   .          Reflect  .   (helmet restricted)
rElec   .          Harm     .   (no cloak)
rCorr   .          Rampage  .   (no gloves)
Will    .....                   (no boots)
Stlth   +.........              (no amulet)
HPRegen 0.08/turn               (no ring)
MPRegen 0.08/turn               (no ring)

@: no status effects
A: AC +4, unfitting armour, cold-blooded
a: Renounce Religion, Berserk


You were on level 4 of the Dungeon.
You worshipped Trog.
Trog was aware of your devotion.
You visited 1 branch of the dungeon, and saw 4 of its levels.

You collected 5 gold pieces.

Inventory:

Hand Weapons
 a - a +0 falchion (weapon)
 b - a +0 dagger


   Skills:
 + Level 3.5 Fighting
 + Level 3.3 Long Blades
 + Level 2.9 Dodging


You had one spell level left.
You didn't know any spells.
Your spell library was empty.

Dungeon Overview and Level Annotations

Branches:
Dungeon (4/15)
 Temple: D:4-7

Altars:


Innate Abilities, Weirdness & Mutations

Your plain brown scales are hard. (AC +4)
You cannot fit into any form of body armour.
You are cold-blooded and may be slowed by cold attacks.


Message History

The floor, spattered with blood.
Things that are here:
a +0 dagger; a kobold corpse
Things that are here:
a +0 dagger; a kobold corpse
Things that are here:
a +0 dagger; a kobold corpse
b - a +0 dagger An orc and an orc wizard come into view.
The orc wizard shouts!
The orc shouts!
You hear a shout!
An orc priest comes into view. It is wielding a +0 short sword.
A giant cockroach and an orc come into view.
Found 18 stones and a leather armour.
The orc priest looks braver for a moment.
The giant cockroach moves out of view.
You closely miss the orc.
An orc comes into view. It is wielding a +0 mace.
You hit the orc wizard.
The orc wizard is moderately wounded.
The orc priest mumbles some strange prayers to Beogh against you.
Beogh smites you!
Ouch! That really hurt!
The orc hits you with a +0 mace!
* * * LOW HITPOINT WARNING * * *
The orc wizard gestures at you while chanting.
You are confused.
The orc misses you.
The orc wizard hits you with a +0 dagger.
* * * LOW HITPOINT WARNING * * *
The orc priest calls down the wrath of Beogh upon you.
You barely resist. The orc closely misses you.
The orc wizard casts a spell.
The orc wizard flickers and vanishes!
Deactivating autopickup; reactivate with Ctrl-A.
Found a dagger.
The giant cockroach barely misses you. The giant cockroach closely misses you.
You're too confused to move!
You feel less confused.
The orc priest hits you with a +0 short sword.
You die...

# ....#.## .....#
##
.)..#..####......
###.
...............
##...
......#.....#
#....
##..........#
##....
#.........(#
#.....
#....oo....#
###.....
#@Bo...####.......
#.o{...##.........
#.....#.......##..
#....###.....####.
#[...# ##....## #.
#....# ###...# #.
#...## ##..# ##
#...# #..# # ....#
##.#


You could see an orc priest, 3 orcs and a giant cockroach.

Vanquished Creatures
  4 ball pythons
  An endoplasm (D:3)
  4 jackals (D:1)
  A kobold (D:4)
  A quokka (D:1)
  A rat (D:3)
12 creatures vanquished.

Notes
Turn   | Place    | Note
-------+----------+-------------------------------------------
     0 | D:1      | jsc15 the Draconian Berserker began the quest for the Orb.
     0 | D:1      | Reached XP level 1. HP: 19/19 MP: 1/1
   124 | D:1      | Reached XP level 2. HP: 3/26 MP: 2/2
   628 | D:4      | HP: 1/26 [orc wizard (3)]
   633 | D:4      | Slain by an orc priest

Illustrated notes

Levels and vault maps discovered:
D:1:      dpeg_arrival_rooms_c, layout_basic, serial_forest,
          infiniplex_forest_lined_2, infiniplex_forest_lined_2,
          infiniplex_forest_lined_corner, infiniplex_forest_corner_2,
          infiniplex_forest_clump_cross, infiniplex_forest_end_3,
          infiniplex_forest_straight_3, infiniplex_forest_clump_double,
          chequers_ecumenical_altar_island, minmay_heptomino_o4
D:2:      layout_basic
D:3:      layout_loops_ring, yredelemnul_forgotten_temple_becter
D:4:      cheibrodos_greedy_goblins, layout_layer_cave,
          eat_drink_and_be_merry_uskayaw, serial_shops, shop, uniq_natasha

Action                   || total
-------------------------++-------
Melee: Falchion          ||    30
       Tailslap          ||     7
Invok: Berserk           ||     1
 Stab: Sleeping          ||     1
Armor: Skin              ||    24
Dodge: Dodged            ||    66

Table legend: (Time is in decaauts)
 A = Elapsed time spent in this place.
 B = Non-inter-level travel time spent in this place.
 C = Inter-level travel time spent in this place.
 D = Time resting spent in this place.
 E = Time spent auto-exploring this place.
 F = Levels seen in this place.
 G = Mean time per level.
                   A        B        C        D        E       F      G
               +--------+--------+--------+--------+--------+-----+--------+
         Total |    651 |    641 |     10 |      0 |    256 |   4 |  162.8 |
       Dungeon |    651 |    641 |     10 |      0 |    256 |   4 |  162.8 |
               +--------+--------+--------+--------+--------+-----+--------+

Top non-repeatable levels by time:
     D:2: 354 daAuts
     D:1: 159 daAuts
     D:4: 126 daAuts
     D:3: 11 daAuts
